 Dungeon Crawl Stone Soup version 0.31-a0-267-g3fc6992b3b (webtiles) character file.

Game seed: 4333698969724640947

102 qw the Shooter (level 4, -12/36 HPs)
             Began as a Minotaur Hexslinger on July 13, 2023.
             Killed from afar by an oklob plant (28 damage)
             ... with a splash of acid
             ... on level 3 of the Dungeon.
             The game lasted 00:00:46 (1585 turns).

qw the Shooter (Minotaur Hexslinger)                Turns: 1585, Time: 00:00:47

Health: -12/36     AC:  1    Str: 11 (13) XL:     4   Next: 49%
Magic:  4/4        EV: 25    Int:  9 (10) God:
Gold:   205        SH:  0    Dex: 11 (14) Spells: 4/5 levels left

rFire   . . .        Y - +2 sling
rCold   . . .        (no shield)
rNeg    + . .        g - +0 ring mail
rPois   .            (helmet restricted)
rElec   .            (no cloak)
rCorr   .            (no gloves)
SInv    .            (no boots)
Will    .....        i - amulet of the acrobat
Stlth   +            e - ring of positive energy
HPRegen 0.26/turn    (no ring)
MPRegen 0.09/turn

%: acrobat
@: corroded, acrobatic
A: horns 2, retaliatory headbutt
a: no special abilities


You were on level 3 of the Dungeon.
You visited 1 branch of the dungeon, and saw 3 of its levels.

You collected 205 gold pieces.


Innate Abilities, Weirdness & Mutations

You have a pair of horns on your head.
You reflexively headbutt those who attack you in melee.


   Skills:
 - Level 2.0 Fighting
 + Level 4.7 Ranged Weapons
 - Level 1.4 Armour
 - Level 2.1 Dodging
 - Level 1.0 Spellcasting
 - Level 2.0 Hexes


You had 4 spell levels left.
You knew the following spells:

 Your Spells              Type           Power      Damage    Failure   Level
a - Slow                  Hex            16%        N/A       36%         1

Your spell library contained the following spells:

 Spells                   Type           Power      Damage    Failure   Level
 Inner Flame              Hex/Fire       2%         N/A       86%         3
 Portal Projectile        Hex/Tloc       4%         N/A       86%         3
 Cause Fear               Hex            2%         N/A       98%         4

Inventory:

Hand Weapons
 Y - a +2 sling (weapon)
Armour
 g - a +0 ring mail (worn)
Jewellery
 e - a ring of positive energy (left hand)
 i - an amulet of the acrobat (around neck)
 j - a ring of ice
Scrolls
 c - 2 scrolls of teleportation
Potions
 d - a potion of magic {unknown}
 h - a potion of lignification {unknown}

Dungeon Overview and Level Annotations

Branches:
Dungeon (3/15)

Altars:
Fedhas

Annotations:
D:3 exclusion: oklob plant


Message History

Enter note:
Enter note:
Enter note:
Enter note:
Enter note:
Enter note:
Enter note:
Enter note:
Enter note:
Enter note:
Enter note:
Enter note:
Enter note:
Enter note:
Enter note:
Enter note:
Enter note:
Enter note:
Enter note:
Enter note:
Enter note:
Enter note:
Enter note:
Enter note:
Enter note:
Enter note:
Enter note:
Enter note:
Enter note:
Enter note:
Enter note:
Enter note:
Enter note:
Enter note:
Enter note:
Enter note: The oklob plant spits acid at you.
The splash of acid hits you!!
Ouch! That really hurt!
You die...

..# #####,,**,,,~~~~~~~...7P# #.#
#...#P,PP..~~~~~~~~~..7P* #.###
#...#PP7..~~~~~~~~~~~.P,*
#...###...#PP#..~~~~...~~~~.#####
..........#,PP#......_.~~~~......
..........#,7PP.~~~~...~~~~.###.#
###.#..[..#P#P7.~~~~~~~~~~~.#.#.#
###.......##P....~~~~~~~~~..PP#.#
..........#PPPPP@.~~~~~~~..7PP#.#
.......#..#PP.P.P..~~~~~...PPP#.#
..........#P7..PPP.!.....P.PPP#.#
###.......#P..PPPPP##7PPP.PPP.#..
#.......#PP..#PPPPPPPP..PPPP#.#
##.......#P.P.7PP.##PP#.PPPP####
#........##PPPPPPP.PPPPP7#PPP# #
#.......)##################### #
#%#######....#.........#.# #


You could see an oklob plant.

Vanquished Creatures
  Terence (D:3)
  2 adders
  A worm (D:3)
  A dart slug (D:2)
  2 orcs (D:3)
  3 ball pythons (D:2)
  5 bats
  7 endoplasms
  A giant cockroach (D:1)
  4 goblins
  5 hobgoblins
  2 quokkas (D:3)
  7 frilled lizards
  6 kobolds
  7 rats
54 creatures vanquished.

Notes
Turn   | Place    | Note
-------+----------+-------------------------------------------
     0 | D:1      | qw the Minotaur Hexslinger began the quest for the Orb.
     0 | D:1      | Reached XP level 1. HP: 16/16 MP: 1/1
     0 | D:1      | 0 ||| qw: Version: 0.3-a-52-g30416fa
     0 | D:1      | 0 ||| qw: Game counter: 7735
     0 | D:1      | 0 ||| qw: Melee chars always use a shield: true
     0 | D:1      | 0 ||| qw: God list: Okawaru
     0 | D:1      | 0 ||| qw: Allow faded altars: false
     0 | D:1      | 0 ||| qw: Do Orc after clearing Dungeon:15 true
     0 | D:1      | 0 ||| qw: Do second Lair branch before Depths: true
     0 | D:1      | 0 ||| qw: Lair rune preference: random
     0 | D:1      | 0 ||| qw: Goals: Normal
     0 | D:1      | 0 ||| PLANNING D:1-11
    79 | D:1      | Reached skill level 3 in Ranged Weapons
    82 | D:1      | Reached XP level 2. HP: 17/23 MP: 2/2
   412 | D:1      | 412 ||| DROPPING scroll of poison.
   432 | D:2      | 432 ||| STAIRDANCE
   602 | D:2      | Reached XP level 3. HP: 28/29 MP: 3/3
   797 | D:2      | Reached skill level 4 in Ranged Weapons
   871 | D:2      | 871 ||| UPGRADING to +0 ring mail.
   881 | D:2      | 881 ||| DROPPING +0 robe.
   882 | D:2      | 882 ||| UPGRADING to amulet of the acrobat.
   887 | D:2      | 887 ||| UPGRADING to ring of positive energy.
   888 | D:2      | 888 ||| READING scroll labelled XEMISA BOIJAPN.
   889 | D:2      | 889 ||| READING scroll labelled USTUVU FEPHEA.
   890 | D:2      | 890 ||| READING scroll labelled HOQOM XEUSK.
   891 | D:2      | 891 ||| READING scroll labelled QOMOLOWOEPT.
   896 | D:2      | 896 ||| DRINKING 4 amethyst potions.
   897 | D:2      | 897 ||| DROPPING 3 potions of attraction.
  1082 | D:3      | 1082 ||| Stepping ~*~*~tactically~*~*~ (water).
  1085 | D:3      | Reached skill level 1 in Armour
  1192 | D:3      | Reached XP level 4. HP: 33/36 MP: 4/4
  1294 | D:3      | Noticed Terence
  1304 | D:3      | Killed Terence
  1396 | D:3      | Found a faded altar of an unknown god.
  1557 | D:3      | Found a blossoming altar of Fedhas.
  1569 | D:3      | Noticed an oklob plant
  1570 | D:3      | 1570 ||| READING scroll labelled TULUTZ ETUCRAA.
  1571 | D:3      | 1571 ||| READING scroll labelled UMUOBB GOUSON.
  1572 | D:3      | 1572 ||| DRINKING 2 smoky yellow potions.
  1573 | D:3      | 1573 ||| DROPPING potion of degeneration.
  1585 | D:3      | Killed from afar by an oklob plant

Levels and vault maps discovered:
D:1:      noname_arrival_rooms_in_the_neighbourhood, layout_basic
D:2:      minmay_alternating_diamond, layout_basic
D:3:      minmay_bubble_buster, layout_basic, tgw_fedhas,
          basic_ecumenical_altar, serial_bayou_lagoon_b, uniq_terence

Skill      XL: |  1  2  3 |
---------------+----------+-----
Ranged Weapons | 3 4 |  4.7
Fighting       | 2 |  2.0
Armour         | 1 |  1.4
Dodging        | |  2.1
Spellcasting   | |  1.0
Hexes          | |  2.0

Action                     |  1- 3 |  4- 6 || total
---------------------------+-------+-------++-------
   Fire: Sling             |   115 |    41 ||   156
    Use: Scroll            |     4 |     2 ||     6
         Potion            |     1 |     1 ||     2
 Armour: Robe              |     8 |       ||     8
         Ring mail         |    12 |     4 ||    16
  Dodge: Dodged            |    32 |    14 ||    46

Table legend:
 A = Non-vault XP
 B = Vault XP
 C = Vault XP percentage of total XP
 D = Non-vault monster count
 E = Vault monster count
 F = Vault count percentage of total count
                 A         B        C        D         E       F
            +---------+---------+-------+---------+---------+-------
      Total |      83 |      63 |  43.2 |      35 |      19 |  35.2
            +---------+---------+-------+---------+---------+-------
        D:1 |      23 |       0 |   0.0 |      16 |       0 |   0.0
        D:2 |      35 |       5 |  12.5 |      13 |       3 |  18.8
        D:3 |      25 |      58 |  69.9 |       6 |      16 |  72.7
            +---------+---------+-------+---------+---------+-------
